 Dungeon Crawl Stone Soup version 0.30-a0-583-g19bae12e61 (webtiles) character file.

Game seed: 735426546190456711

11636 Bnni the Skirmisher (level 12, -5/94 HPs)
             Began as a Formicid Hexslinger on Jan 1, 2023.
             Was a High Priest of Okawaru.
             Drowned by a water elemental (10 damage)
             ... on level 13 of the Dungeon.
             The game lasted 00:26:22 (11106 turns).

Bnni the Skirmisher (Formicid Hexslinger)          Turns: 11106, Time: 00:26:23

Health: -5/94      AC:  8    Str: 14    XL:     12   Next: 10%
Magic:  18/18      EV: 17    Int: 23    God:    Okawaru [*****.]
Gold:   652        SH:  0    Dex: 20    Spells: 1/17 levels left

rFire   + . .      SeeInvis +    a - +0 hand crossbow
rCold   . . .      Faith    .    (no shield)
rNeg    . . .      Spirit   .    G - +1 robe {rF+}
rPois   .          Reflect  .    (helmet unavailable)
rElec   .          Harm     .    q - +0 cloak
rCorr   .          Rampage  .    b - +1 pair of gloves of Vef Apti {Dex+4}
Will    +....                    F - +1 pair of boots
Stlth   ++                       t - amulet of the acrobat
HPRegen 0.35/turn                u - +6 ring of intelligence
MPRegen 0.16/turn                v - +5 ring of evasion

@: engulfed (cannot breathe)
A: permanent stasis, dig shafts and tunnels, antennae 3, four strong arms
a: Dig, Shaft Self, Renounce Religion, Heroism, Finesse, Duel


You were on level 13 of the Dungeon.
You worshipped Okawaru.
Okawaru was extremely pleased with you.
You visited 2 branches of the dungeon, and saw 14 of its levels.

You collected 652 gold pieces.

Inventory:

Hand Weapons
 a - a +0 hand crossbow (weapon)
 E - the +11 quarterstaff "Huinkiut" {elec, rElec MP+9 SInv}
   (You found it on level 6 of the Dungeon)

   It occasionally discharges a powerful burst of electricity upon striking a
   foe.
   rElec:     It insulates you from electricity.
   MP:        It affects your magic capacity (+9).
   SInv:      It lets you see invisible.
Armour
 b - the +1 pair of gloves of Vef Apti (worn) {Dex+4}
   (Okawaru gifted it to you on level 13 of the Dungeon)

   Dex:       It affects your dexterity (+4).
 q - a +0 cloak (worn)
 F - a +1 pair of boots (worn)
 G - a +1 robe of fire resistance (worn)
Jewellery
 e - a ring of magical power
 t - an amulet of the acrobat (around neck)
 u - a +6 ring of intelligence (left hand)
 v - a +5 ring of evasion (right hand)
Wands
 j - a wand of digging (6)
 l - a wand of flame (39)
 m - a wand of polymorph (7)
 r - a wand of paralysis (4)
 y - a wand of roots (6)
Scrolls
 c - 3 scrolls of blinking {unknown}
 d - 2 scrolls of amnesia {unknown}
 f - 2 scrolls of enchant weapon
 i - 2 scrolls of vulnerability {unknown}
 k - 3 scrolls of fog {unknown}
 p - 2 scrolls of immolation {unknown}
 z - a scroll of noise {unknown}
 B - 3 scrolls of enchant armour {unknown}
 D - a scroll of acquirement {unknown}
 I - a scroll of magic mapping {unknown}
Potions
 g - 2 potions of attraction
 h - 3 potions of lignification
 n - 2 potions of brilliance {unknown}
 o - 2 potions of cancellation
 w - a potion of berserk rage {unknown}
 x - 3 potions of curing {unknown}
 A - 3 potions of ambrosia {unknown}
 C - 3 potions of mutation {unknown}
 H - 3 potions of flight {unknown}
 J - a potion of might {unknown}


   Skills:
 + Level 8.6 Fighting
 * Level 11.3 Ranged Weapons
 - Level 1.7 Dodging
 - Level 3.0 Spellcasting
 + Level 11.1 Hexes
 - Level 3.0 Fire Magic
 + Level 3.8 Ice Magic
 + Level 8.0 Invocations


You had one spell level left.
You knew the following spells:

 Your Spells              Type           Power      Damage    Failure   Level
a - Slow                  Hex            100%       N/A       1%          1
b - Inner Flame           Hex/Fire       35%        N/A       1%          3
c - Portal Projectile     Hex/Tloc       58%        N/A       3%          3
d - Cause Fear            Hex            26%        N/A       1%          4
e - Metabolic Englaciati  Hex/Ice        18%        N/A       16%         5

Your spell library contained the following spells:

 Spells                   Type           Power      Damage    Failure   Level
 Flame Wave               Conj/Fire      10%        2d6       52%         4
 Sticky Flame             Conj/Fire      10%        2d3       52%         4
 Petrify                  Tmut/Erth      3%         N/A       75%         4
 Statue Form              Tmut/Erth      2%         N/A       100%        6


Dungeon Overview and Level Annotations

Branches:
Dungeon (14/15)            Temple (1/1) D:6            Lair (0/5) D:10
    Orc (0/2) D:10
 Vaults: D:13-14

Altars:
Ashenzari
Cheibriados
Dithmenos
Elyvilon
Fedhas
Gozag
Hepliaklqana
Kikubaaqudgha
Makhleb
Nemelex Xobeh
Okawaru
Qazlal
Ru
Sif Muna
Trog
Uskayaw
Vehumet
Wu Jian
Xom
Yredelemnul
Zin
The Shining One

Annotations:
D:11 Erica


Innate Abilities, Weirdness & Mutations

You cannot be hasted, slowed, berserked, paralysed or teleported.
You can dig through walls and to a lower floor.
You have a pair of large antennae on your head. (SInv)
Your four strong arms can wield two-handed weapons with a shield.


Message History

* * * LOW HITPOINT WARNING * * *
Your lungs strain for air!
The water elemental hits you.
You shoot a bolt. The bolt hits the water elemental.
The water elemental is almost destroyed.
* * * LOW HITPOINT WARNING * * *
Your lungs strain for air!
The water elemental barely misses you. The water elemental hits you!
* * * LOW HITPOINT WARNING * * *
You feel much better.
* * * LOW HITPOINT WARNING * * *
Your lungs strain for air!
The water elemental completely misses you.
You shoot a bolt.
The bolt hits the water elemental but does no damage.
The water elemental is almost destroyed.
* * * LOW HITPOINT WARNING * * *
Your lungs strain for air!
The water elemental misses you.
Okay, then.
You feel much better.
* * * LOW HITPOINT WARNING * * *
Your lungs strain for air!
The water elemental hits you!
* * * LOW HITPOINT WARNING * * *
Okay, then.
You cannot read scrolls while unable to breathe!
Okay, then.
Press: ? - help, v - describe, . - travel
Here: a water elemental (almost destroyed)
The floor.
Okay, then.
Unknown command.
Aiming: Throw Flame
Press: ? - help, Shift-Dir - straight line, f/p - water elemental
Aim: a water elemental (almost destroyed, 81% to hit)
The puff of flame hits the water elemental!
The water elemental is burned terribly!
The water elemental is almost destroyed.
You die... ≈ { ≈≈ ≈~ { yy { ≈# ###################.##### ........[.......@EE...... ###################.##### # {

You could see 2 water elementals.

Vanquished Creatures
  A centaur warrior (D:13)
  A boulder beetle (D:14)
  Pikel (D:6)
  A deep elf pyromancer (D:13)
  An ugly thing (D:11)
  2 cyclopes
  Maggie (D:7)
  A troll (D:11)
  Prince Ribbit (D:9)
  3 slime creatures (D:13)
  A water elemental (D:13)
  A wraith (D:11)
  2 shadows
  3 wyverns
  14 yaks
  A vampire (D:11)
  4 vampire mosquitoes (D:13)
  2 water moccasins
  An acid dragon (D:11)
  Duvessa (D:6)
  An orc warrior (D:8)
  A black bear (D:5)
  An ice beast (D:5)
  2 sky beasts
  3 ogres
  4 centaurs
  2 phantoms
  Blork the orc (D:6)
  A bullfrog (D:9)
  8 wights
  Dowan (D:6)
  4 killer bees (D:10)
  5 howler monkeys
  2 vampire bats (D:9)
  2 jellies
  6 orc priests
  2 gnoll boudas
  A hound (D:6)
  Jessica (D:2)
  5 iguanas
  12 orc wizards
  Robin (D:2)
  8 gnolls
  7 adders
  A shadow imp (D:8)
  A white imp (D:8)
  4 ufetubi
  A worm (D:4)
  A dart slug (D:2)
  35 orcs
  2 bat skeletons (D:9)
  4 bat zombies (D:9)
  6 endoplasms
  3 giant cockroaches
  6 hobgoblins
  6 jackals
  A quokka (D:4)
  8 ball pythons
  2 bats
  2 frilled lizards (D:1)
  10 goblins (D:2)
  8 kobolds
  6 rats
231 creatures vanquished.

Vanquished Creatures (others)
  4 plants (D:10)
4 creatures vanquished.

Grand Total: 235 creatures vanquished

Notes
Turn   | Place    | Note
-------+----------+-------------------------------------------
     0 | D:1      | Bnni the Formicid Hexslinger began the quest for the Orb.
     0 | D:1      | Reached XP level 1. HP: 15/15 MP: 2/2
    53 | D:1      | Found a faded altar of an unknown god.
   243 | D:1      | Reached XP level 2. HP: 21/21 MP: 3/3
   581 | D:2      | Noticed Robin
   584 | D:2      | Reached XP level 3. HP: 26/26 MP: 5/5
   710 | D:2      | Noticed Jessica
   733 | D:2      | Killed Jessica
   734 | D:2      | Reached skill level 1 in Fire Magic
   734 | D:2      | Reached XP level 4. HP: 23/32 MP: 6/6
   738 | D:2      | Learned a level 3 spell: Inner Flame
   802 | D:2      | Reached XP level 5. HP: 38/38 MP: 7/7
   828 | D:2      | Killed Robin
  1457 | D:3      | Learned a level 4 spell: Cause Fear
  1465 | D:3      | Found a burning altar of Makhleb.
  1465 | D:3      | Found a faded altar of an unknown god.
  1471 | D:3      | Found a faded altar of an unknown god.
  1476 | D:3      | Found a radiant altar of Vehumet.
  1478 | D:3      | Found a basalt altar of Yredelemnul.
  1694 | D:3      | Reached skill level 5 in Hexes
  2090 | D:3      | Found an ornate altar of the Wu Jian Council.
  2693 | D:4      | Found a stormy altar of Qazlal.
  2726 | D:4      | Reached XP level 6. HP: 41/44 MP: 9/9
  2930 | D:4      | Noticed an ogre
  2933 | D:4      | Killed an ogre
  3296 | D:5      | Entered Level 5 of the Dungeon
  3345 | D:5      | Noticed a black bear
  3352 | D:5      | Killed a black bear
  3353 | D:5      | Reached XP level 7. HP: 51/51 MP: 9/11
  3653 | D:5      | Reached XP level 8. HP: 58/58 MP: 12/12
  3691 | D:5      | Reached skill level 5 in Ranged Weapons
  4291 | D:6      | Learned a level 3 spell: Portal Projectile
  4308 | D:6      | Identified the +11 quarterstaff "Huinkiut" {elec, rElec
                  | MP+9 SInv}
  4347 | D:6      | Noticed Blork the orc
  4353 | D:6      | Killed Blork the orc
  4461 | D:6      | Identified the +11 whip "Hecer" {flame, Str+4}
  4537 | D:6      | Found a staircase to the Ecumenical Temple.
  4547 | Temple   | Entered the Ecumenical Temple
  4746 | Temple   | Became a worshipper of Warmaster Okawaru
  4776 | D:6      | Noticed Pikel
  4814 | D:6      | Killed Pikel
  4814 | D:6      | Reached * piety under Okawaru
  4815 | D:6      | Reached skill level 5 in Fighting
  4815 | D:6      | Reached XP level 9. HP: 17/68 MP: 6/13
  5000 | D:6      | Identified the +11 short sword of Sygeask {freeze, Str-4
                  | Int+4 Stlth+}
  5049 | D:6      | Noticed Dowan
  5059 | D:6      | Killed Dowan
  5118 | D:6      | Noticed Duvessa
  5122 | D:6      | Killed Duvessa
  5851 | D:7      | Noticed Maggie
  5860 | D:7      | Killed Maggie
  5860 | D:7      | Reached ** piety under Okawaru
  6033 | D:7      | Found a sparkling altar of Nemelex Xobeh.
  6415 | D:8      | Reached XP level 10. HP: 76/76 MP: 11/14
  6428 | D:8      | Reached skill level 1 in Ice Magic
  6455 | D:8      | Reached *** piety under Okawaru
  6456 | D:8      | Reached skill level 5 in Invocations
  7383 | D:9      | Found an ancient bone altar of Kikubaaqudgha.
  7517 | D:9      | Noticed Prince Ribbit
  7521 | D:9      | Killed Prince Ribbit
  7521 | D:9      | Reached **** piety under Okawaru
  7618 | D:9      | Found a shadowy altar of Dithmenos.
  7711 | D:9      | Reached XP level 11. HP: 84/84 MP: 15/15
  7722 | D:9      | Reached skill level 10 in Hexes
  7781 | D:9      | Learned a level 5 spell: Metabolic Englaciation
  7908 | D:9      | Found a hazy altar of Hepliaklqana.
  7914 | D:9      | Found a sacrificial altar of Ru.
  7919 | D:9      | Found a bloodstained altar of Trog.
  8238 | D:10     | Entered Level 10 of the Dungeon
  8351 | D:10     | Reached skill level 10 in Ranged Weapons
  8844 | D:10     | Found a staircase to the Orcish Mines.
  8856 | D:10     | Found a staircase to the Lair.
  9136 | D:10     | Found a broken altar of Ashenzari.
  9809 | D:11     | Noticed a red ugly thing
  9829 | D:11     | Killed a red ugly thing
  9947 | D:11     | Noticed a cyclops
  9952 | D:11     | Killed a cyclops
  9952 | D:11     | Reached ***** piety under Okawaru
 10182 | D:11     | Noticed Erica
 10188 | D:11     | You fall into a shaft and drop 3 floors!
 10192 | D:14     | Noticed a boulder beetle
 10200 | D:14     | Noticed a cyclops
 10205 | D:14     | Killed a cyclops
 10219 | D:14     | Killed a boulder beetle
 10227 | D:14     | Noticed a manticore
 10579 | D:13     | Noticed a centaur warrior
 10583 | D:13     | Killed a centaur warrior
 10583 | D:13     | Identified the +1 pair of gloves of Vef Apti {Dex+4}
                  | (Okawaru gifted it to you on level 13 of the Dungeon)
 10583 | D:13     | Received a gift from Okawaru
 10770 | D:13     | Noticed a deep elf pyromancer
 10773 | D:13     | Killed a deep elf pyromancer
 10882 | D:13     | Reached XP level 12. HP: 63/94 MP: 13/17
 11106 | D:13     | Drowned by a water elemental

Illustrated notes

Levels and vault maps discovered:
D:1:      dpeg_arrival_radiant, layout_rooms,
          hellmonk_ecumenical_altar_crossroads
D:2:      layout_loops_ring, uniq_robin, uniq_jessica
D:3:      layout_basic, nicolae_overflow_hidden_temple,
          chequers_temple_overflow_minitemple
D:4:      layout_loops_ring, nicolae_overflow_crystal_walls, hex_large
D:5:      layout_basic
D:6:      layout_cave_pools, minmay_temple_entry_mini_moons, uniq_pikel,
          uniq_blork_the_orc, uniq_duvessa
D:7:      layout_basic, nemelex_diamond_rough_becter, kennysheep_cluttered_room,
          uniq_maggie
D:8:      layout_rooms
D:9:      layout_loops_ring, kennysheep_vampire_church,
          minmay_overflow_temple_star_quad, grunt_dithmenos_shadows,
          uniq_prince_ribbit1
D:10:     layout_basic, ashenzari_altar_1, dpeg_oklobed_lair,
          minmay_orc_entry_temple_small
D:11:     layout_basic, uniq_erica
D:13:     layout_basic
D:14:     layout_loops_cross, david_vaults_2, hellmonk_ghost_happy_afterlife,
          minmay_shop_enchanted_jewellery
Temple:   nicolae_temple_bog_church

Skill      XL: |  1  2  3  4  5  6  7  8  9 10 11 12 |
---------------+-------------------------------------+-----
Hexes          | 4 5 6 8 9 11 | 11.1
Fire Magic     | 1 2 3 |  3.0
Ranged Weapons | 3 4 6 8 9 11 | 11.3
Fighting       | 2 3 5 6 7 8 |  8.6
Spellcasting   | 2 3 |  3.0
Invocations    | 2 4 6 7 8 |  8.0
Ice Magic      | 3 |  3.8
Dodging        | |  1.7

Action                   |  1- 3 |  4- 6 |  7- 9 | 10-12 || total
-------------------------+-------+-------+-------+-------++-------
 Fire: Sling             |    79 |   125 |       |       ||   204
       Hand crossbow     |       |    38 |   178 |   316 ||   532
 Cast: Slow              |     3 |     5 |     3 |     6 ||    17
       Inner Flame       |       |     1 |     7 |    23 ||    31
       Cause Fear        |       |       |     2 |     8 ||    10
       Portal Projectile |       |       |     1 |     6 ||     7
       Metabolic Englaci |       |       |       |     1 ||     1
Invok: Heroism           |       |       |       |     1 ||     1
 Abil: Dig               |       |     1 |       |     8 ||     9
       Shaft Self        |       |       |       |     1 ||     1
Evoke: Wand              |       |       |       |     1 ||     1
  Use: Scroll            |       |     3 |     2 |     3 ||     8
       Potion            |       |       |       |     7 ||     7
Armor: Robe              |    10 |     9 |    12 |    40 ||    71
Dodge: Dodged            |    30 |    83 |   111 |   248 ||   472

Table legend: (Time is in decaauts)
 A = Elapsed time spent in this place.
 B = Non-inter-level travel time spent in this place.
 C = Inter-level travel time spent in this place.
 D = Time resting spent in this place.
 E = Time spent auto-exploring this place.
 F = Levels seen in this place.
 G = Mean time per level.
                   A        B        C        D        E       F      G
               +--------+--------+--------+--------+--------+-----+--------+
         Total |  11427 |  11164 |    263 |   2115 |   7138 |  14 |  816.2 |
       Dungeon |  11214 |  10955 |    259 |   2115 |   6958 |  13 |  862.6 |
        Temple |    213 |    209 |      4 |      0 |    180 |   1 |  213.0 |
               +--------+--------+--------+--------+--------+-----+--------+

Top non-repeatable levels by time:
     D:9: 1273 daAuts
    D:10: 1252 daAuts
     D:3: 1233 daAuts
     D:5: 1170 daAuts
     D:6: 1022 daAuts
     D:2: 839 daAuts
     D:7: 768 daAuts
    D:11: 737 daAuts
    D:13: 722 daAuts
     D:4: 710 daAuts
     D:8: 690 daAuts
     D:1: 578 daAuts
    D:14: 216 daAuts
  Temple: 213 daAuts
